 Dungeon Crawl Stone Soup version 0.21.1-1-g345015f (webtiles) character file.

14 letownia2 the Poker (level 2, -1/22 HPs)
             Began as a Merfolk Skald on Mar 14, 2018.
             Slain by an orc priest
             ... wielding a +0 falchion
              (4 damage)
             ... on level 4 of the Dungeon.
             The game lasted 00:02:03 (367 turns).

letownia2 the Poker (Merfolk Skald)                  Turns: 367, Time: 00:02:03

Health: -1/22      AC:  3    Str: 16    XL:     2   Next: 41%
Magic:  0/5        EV: 12    Int: 12    God:
Gold:   49         SH:  0    Dex: 13    Spells: 2/5 levels left

rFire    . . .     SeeInvis .   a - +0 spear
rCold    . . .     Gourm    .   (no shield)
rNeg     . . .     Faith    .   b - +0 leather armour
rPois    +         Spirit   .   (no helmet)
rElec    .         Reflect  .   (no cloak)
rCorr    .         Harm     .   (no gloves)
MR       .....                  (no boots)
Stlth    +.........             (no amulet)
HPRegen  0.07/turn              o - ring of poison resistance
MPRegen  0.09/turn              (no ring)

@: mighty, infused
A: change form in water, swift swim, stealthy swim
a: no special abilities


You were on level 4 of the Dungeon.
You were not hungry.

You visited 1 branch of the dungeon, and saw 4 of its levels.

You collected 49 gold pieces.

Inventory:

Hand Weapons
 a - a +0 spear (weapon)
Armour
 b - a +0 leather armour (worn)
 e - a +0 buckler
Jewellery
 o - a ring of poison resistance (left hand)
Wands
 k - a wand of disintegration (7)
Scrolls
 f - a scroll of magic mapping {unknown}
 i - a scroll of enchant armour {unknown}
 j - a scroll of noise {unknown}
 l - a scroll of teleportation {unknown}
 m - a scroll of enchant weapon {unknown}
 n - a scroll of identify {unknown}
Potions
 h - a potion of curing {unknown}
Books
 c - a book of Battle

   Spells                             Type                      Level
   a - Infusion                       Charms                       1
   b - Shroud of Golubria             Charms/Translocation         2
   c - Song of Slaying                Charms                       2
   d - Spectral Weapon                Hexes/Charms                 3
   e - Regeneration                   Charms/Necromancy            3
Comestibles
 d - a ration


   Skills:
 - Level 2.1 Fighting
 - Level 4.0 Polearms
 - Level 0.6 Armour
 - Level 2.6 Dodging
 - Level 2.0 Spellcasting
 + Level 3.4 Charms
 + Level 0.4 Translocations


You had 2 spell levels left.
You knew the following spells:

 Your Spells              Type           Power        Failure   Level  Hunger
a - Infusion              Chrm           #...         9%          1    ##.....
t - Shroud of Golubria    Chrm/Tloc      #.........   22%         2    ###....


Dungeon Overview and Level Annotations

Branches:
Dungeon (4/15)
 Temple: D:4-7

Altars:
Kikubaaqudgha
Nemelex Xobeh
Sif Muna
Xom


Message History

You are no longer magically infusing your attacks.
You hit the orc.
You kill the orc!
Casting: Infusion
Confirm with . or Enter, or press ? or * to list all spells.
You begin infusing your attacks with magical energy.
You closely miss the orc priest.
The orc priest calls down the wrath of Beogh upon you.
Beogh smites you!
Ouch! That really hurt!
You are too injured to fight recklessly!
You are too injured to fight recklessly!
It was a potion of might.
You feel very mighty all of a sudden.
The orc priest hits you with a falchion!
* * * LOW HITPOINT WARNING * * *
You puncture the orc priest!
The orc priest is almost dead.
The orc priest hits you with a falchion.
You die...

## #..# # #..##
##...#
#######(...###
###............###
##...#####........#
#..### ##......##
##.## #..o...##
#..# #.@##..#
#####..# #..###..#
......## #.## ##o#
...)..# #.# .#
.....## #.# o#
...### #..# ..
...### ..# .{
...<)####..# ...
...........#


You could see an orc priest.

Vanquished Creatures
  2 orcs (D:4)
  2 giant cockroaches
  3 jackals (D:1)
  2 kobolds
  A quokka skeleton (D:4)
  A rat (D:1)
11 creatures vanquished.

Notes
Turn   | Place    | Note
-------+----------+-------------------------------------------
     0 | D:1      | letownia2 the Merfolk Skald began the quest for the Orb.
     0 | D:1      | Reached XP level 1. HP: 16/16 MP: 3/3
   108 | D:1      | Reached skill level 4 in Polearms
   108 | D:1      | Reached XP level 2. HP: 20/22 MP: 3/5
   131 | D:2      | Learned a level 2 spell: Shroud of Golubria
   151 | D:2      | Found a deep blue altar of Sif Muna.
   153 | D:2      | Found an ancient bone altar of Kikubaaqudgha.
   153 | D:2      | Found a shadowy altar of Dithmenos.
   155 | D:2      | Found a shimmering altar of Xom.
   155 | D:2      | Found a shimmering altar of Xom.
   155 | D:2      | Found a sparkling altar of Nemelex Xobeh.
   367 | D:4      | Slain by an orc priest

Skill      XL: |  1 |
---------------+----+-----
Polearms       | 4 |  4.0
Fighting       | |  2.1
Armour         | |  0.6
Dodging        | |  2.6
Spellcasting   | |  2.0
Charms         | |  3.4
Translocations | |  0.4

Action                   || total
-------------------------++-------
Melee: Spear             ||    34
 Cast: Infusion          ||     7
  Use: Potion            ||     1
Armor: Leather armour    ||     5
Dodge: Dodged            ||    17
